 Dungeon Crawl Stone Soup version 0.24-a0-500-g46574c2197 (webtiles) character file.

Game seed: 7955925467047970550

1194 Mithandil the Magician (level 8, -1/41 HPs)
             Began as a Deep Elf Conjurer on July 12, 2019.
             Was a Follower of Vehumet.
             Slain by an ogre
             ... wielding a cursed +0 giant spiked club
              (18 damage)
             ... on level 6 of the Dungeon on July 15, 2019.
             The game lasted 01:04:37 (6523 turns).

Mithandil the Magician (Deep Elf Conjurer)          Turns: 6523, Time: 01:04:38

Health: -1/41      AC:  5    Str:  6    XL:     8   Next: 20%
Magic:  21/21      EV: 13    Int: 22    God:    Vehumet [*.....]
Gold:   265        SH:  0    Dex: 15    Spells: 6/21 levels left

rFire    . . .     SeeInvis .   a - +3 dagger
rCold    + . .     Gourm    .   (no shield)
rNeg     . . .     Faith    .   f - +1 leather armour
rPois    .         Spirit   .   (no helmet)
rElec    .         Reflect  .   i - +0 cloak
rCorr    .         Harm     .   (no gloves)
MR       .....                  (no boots)
Stlth    +++.......             A - amulet of the acrobat
HPRegen  0.13/turn              r - ring of protection from cold
MPRegen  0.17/turn              (no ring)

@: no status effects
A: no striking features
a: Renounce Religion


You were on level 6 of the Dungeon.
You worshipped Vehumet.
Vehumet was aware of your devotion.
You were not hungry.

You visited 2 branches of the dungeon, and saw 9 of its levels.

You collected 265 gold pieces.

Inventory:

Hand Weapons
 a - a +3 dagger (weapon)
 b - a +0 shortbow
 u - the +6 hunting sling of Termination {speed, +Inv Str+6 Int-4, unknown}
   (You found it on level 7 of the Dungeon)

   Attacks with this weapon are significantly faster.
   It affects your strength (+6).
   It affects your intelligence (-4).
   It lets you turn invisible.
 x - a +0 short sword
Missiles
 e - 132 stones (quivered)
 w - 32 arrows
Armour
 f - a +1 leather armour (worn)
 i - a +0 cloak (worn)
 n - a +0 ring mail
Jewellery
 d - a cursed ring of resist corrosion {unknown}
 k - an uncursed ring of ice {unknown}
 r - a ring of protection from cold (left hand)
 A - an amulet of the acrobat (around neck)
Scrolls
 q - a scroll of blinking
 t - 3 scrolls of teleportation
 v - a scroll of magic mapping
 y - a scroll of amnesia
Potions
 g - 2 potions of ambrosia {unknown}
 h - 2 potions of heal wounds {unknown}
 j - a potion of invisibility {unknown}
 l - 3 potions of cancellation {unknown}
 m - 5 potions of haste {unknown}
 o - a potion of berserk rage {unknown}
 p - 2 potions of lignification {unknown}
 s - a potion of flight {unknown}
 z - 2 potions of curing {unknown}
Comestibles
 c - 5 rations


   Skills:
 + Level 4.3 Dodging
 + Level 5.4 Stealth
 * Level 7.4 Spellcasting
 * Level 7.3 Conjurations
 + Level 2.6 Hexes
 + Level 3.2 Translocations
 + Level 0.8 Ice Magic


You had 6 spell levels left.
You knew the following spells:

 Your Spells              Type           Power        Failure   Level  Hunger
a - Magic Dart            Conj           ####         1%          1    None
b - Searing Ray           Conj           #####.       1%          2    None
c - Force Lance           Conj/Tloc      ####....     14%         4    ###....
d - Freeze                Ice            ##..         9%          1    None
e - Iskenderun's Mystic   Conj           #####...     6%          4    ###....
s - Dazzling Spray        Conj/Hex       ####..       4%          3    None

Your spell library contained the following spells:

 Spells                   Type           Power        Failure   Level  Hunger
 Summon Small Mammal      Summ           #...         12%         1    None
 Fulminant Prism          Conj/Hex       ####......   16%         4    ###....
 Call Imp                 Summ           #.......     19%         2    None
 Summon Guardian Golem    Hex/Summ       ##......     22%         3    None
 Call Canine Familiar     Summ           #.......     36%         3    None
 Summon Ice Beast         Ice/Summ       ##......     71%         4    ###....
 Summon Lightning Spire   Summ/Air       #.......     77%         4    ###....


Dungeon Overview and Level Annotations

Branches:
Dungeon (8/15)             Temple (1/1) D:4
   Lair: D:8-11

Altars:
Ashenzari
Cheibriados
Dithmenos
Fedhas
Gozag
Hepliaklqana
Kikubaaqudgha
Nemelex Xobeh
Ru
Sif Muna
Trog
Uskayaw
Vehumet
Wu Jian
Xom
Yredelemnul
Zin
The Shining One

Shops:
D:4 }

Annotations:
D:2 exclusion: downstairs, Sigmund


Message History

The magic dart hits the orc.
The orc is severely wounded.
The orc priest shouts!
The bullfrog snags a nearby blue-tailed skink with its tongue.
The orc hits you with a +0 mace. The orc wizard casts a spell at you.
The magic dart hits you!
The orc priest invokes the aid of Beogh against you.
Beogh smites you!
The orc wizard gestures wildly while chanting.
The orc wizard blinks!
The orc hits you with a +0 mace. The bullfrog completely misses you.
The bullfrog barely misses you. The bullfrog misses you.
There is a stone staircase leading up here.
The bullfrog hits you but does no damage.
You climb upwards.
The ogre hits you with a cursed +0 giant spiked club!!
You die...

#### #.# #.#.## ...#
#.#####....#
...###.......<#.#####
....##..###.........#
....##..###.......#.###
....##.................
....##.####........###
.......# #......F...#.#
######## #....O@......#
..........##.###
....#......# #
............
....#######.# .... ..
.. ###


You could see an ogre and a bullfrog.

Vanquished Creatures
  2 centaurs
  A bullfrog (D:6)
  4 scorpions
  A howler monkey (D:4)
  A crimson imp (D:5)
  A centaur skeleton (D:5)
  4 orc priests
  3 hounds
  2 jellies
  A bullfrog skeleton (D:5)
  An orc wizard (D:5)
  5 worker ants
  A hound skeleton (D:4)
  4 gnolls (D:3)
  5 adders
  3 oozes
  An adder skeleton (D:5)
  3 worms
  3 dart slugs
  4 leopard geckos
  24 orcs
  2 ball pythons
  6 bats
  5 giant cockroaches
  2 goblins
  6 hobgoblins
  9 jackals
  5 quokkas
  3 frilled lizards
  11 kobolds
  A leopard gecko skeleton (D:4)
  2 leopard gecko zombies (D:5)
  A quokka zombie (D:6)
  3 rats
130 creatures vanquished.

Notes
Turn   | Place    | Note
-------+----------+-------------------------------------------
     0 | D:1      | Mithandil the Deep Elf Conjurer began the quest for the
                  | Orb.
     0 | D:1      | Reached XP level 1. HP: 10/10 MP: 6/6
   135 | D:1      | Reached XP level 2. HP: 6/15 MP: 0/8
   139 | D:1      | Learned a level 2 spell: Searing Ray
   805 | D:1      | Reached XP level 3. HP: 19/19 MP: 8/10
  1108 | D:2      | Reached skill level 5 in Conjurations
  1753 | D:2      | Noticed Sigmund
  1767 | D:2      | Reached XP level 4. HP: 24/24 MP: 7/12
  1773 | D:2      | Learned a level 4 spell: Force Lance
  1778 | D:2      | Learned a level 4 spell: Iskenderun's Mystic Blast
  1814 | D:2      | You fall into a shaft and drop 2 floors!
  1909 | D:5      | Entered Level 5 of the Dungeon
  2018 | D:4      | Found Koatyary's Gadget Shoppe.
  2038 | D:4      | Reached skill level 1 in Translocations
  2038 | D:4      | Reached XP level 5. HP: 28/28 MP: 7/14
  2076 | D:4      | Upgraded the game from 0.24-a0-493-g7e4ddcd485 to
                  | 0.24-a0-496-gbe733cd003
  2122 | D:4      | Reached skill level 5 in Spellcasting
  2129 | D:4      | Learned a level 3 spell: Dazzling Spray
  2874 | D:3      | Reached XP level 6. HP: 32/32 MP: 9/16
  3226 | D:3      | Upgraded the game from 0.24-a0-496-gbe733cd003 to
                  | 0.24-a0-500-g46574c2197
  3847 | D:4      | Reached XP level 7. HP: 36/36 MP: 6/18
  3979 | D:4      | Found a staircase to the Ecumenical Temple.
  3985 | Temple   | Entered the Ecumenical Temple
  4010 | Temple   | Became a worshipper of Vehumet
  4564 | D:6      | Reached skill level 1 in Hexes
  5281 | D:5      | Reached skill level 5 in Stealth
  5521 | D:5      | Reached XP level 8. HP: 21/41 MP: 10/20
  5524 | D:5      | Reached * piety under Vehumet
  5524 | D:5      | Offered knowledge of Freeze by Vehumet.
  5527 | D:5      | Learned a level 1 spell: Freeze
  6457 | D:7      | Got a steaming hunting sling
  6523 | D:6      | Slain by an ogre

Levels and vault maps discovered:
D:1:      scummos_arrival_hexagon, layout_loops_cross,
          hangedman_abyss_or_decor_lesser_grid
D:2:      layout_basic, first_ration, corner_web_ring, uniq_sigmund
D:3:      layout_basic
D:4:      layout_loops_ring, minmay_temple_entry_hall, serial_shops,
          nicolae_shop_trees, kennysheep_generic_room_12
D:5:      layout_loops_corners
D:6:      layout_basic
D:7:      layout_basic, grunt_livestock
D:8:      layout_gridville, grunt_temple_overflow_open, uniq_gastronok
Temple:   compressed_dpeg_circular_temple

Skill      XL: |  1  2  3  4  5  6  7 |
---------------+----------------------+-----
Stealth        | 3 4 5 |  5.4
Spellcasting   | 4 5 6 7 |  7.4
Conjurations   | 5 6 7 |  7.3
Translocations | 1 2 3 |  3.2
Dodging        | 3 4 |  4.3
Hexes          | 2 |  2.6
Ice Magic      | |  0.8

Action                   |  1- 3 |  4- 6 |  7- 9 || total
-------------------------+-------+-------+-------++-------
Melee: Dagger            |    30 |    55 |       ||    85
       Short sword       |     1 |       |       ||     1
 Cast: Magic Dart        |    80 |   116 |    82 ||   278
       Searing Ray       |       |    10 |    14 ||    24
       Iskenderun's Myst |       |     2 |     4 ||     6
  Use: Scroll            |     3 |     5 |     5 ||    13
  Eat: Chunk             |     2 |     7 |     1 ||    10
       Ration            |       |       |     3 ||     3
Armor: Leather armour    |     8 |    19 |     6 ||    33
Dodge: Dodged            |    18 |    63 |    39 ||   120

Table legend:
 A = Non-vault XP
 B = Vault XP
 C = Vault XP percentage of total XP
 D = Non-vault monster count
 E = Vault monster count
 F = Vault count percentage of total count
                 A         B        C        D         E       F
            +---------+---------+-------+---------+---------+-------
      Total |    1651 |      55 |   3.2 |     129 |       1 |   0.8
            +---------+---------+-------+---------+---------+-------
        D:1 |      44 |       0 |   0.0 |      18 |       0 |   0.0
        D:2 |      54 |       0 |   0.0 |      17 |       0 |   0.0
        D:3 |     284 |       0 |   0.0 |      40 |       0 |   0.0
        D:4 |     316 |      55 |  14.8 |      15 |       1 |   6.2
        D:5 |     651 |       0 |   0.0 |      30 |       0 |   0.0
        D:6 |     302 |       0 |   0.0 |       9 |       0 |   0.0
            +---------+---------+-------+---------+---------+-------
